 Dungeon Crawl Stone Soup version 0.31-a0-1059-g83d41fd8b6 (webtiles) character file.

Game seed: 5053700222654766578

402 Avanven the Ruffian (level 6, -1/32 HPs)
             Began as a Vine Stalker Fighter on Nov 21, 2023.
             Slain by Edmund
             ... wielding a +2 flail of protection
              (7 damage)
             ... on level 4 of the Dungeon.
             The game lasted 00:04:36 (2539 turns).

Avanven the Ruffian (Vine Stalker Fighter)          Turns: 2539, Time: 00:04:36

Health: -1/32      AC:  7    Str: 20    XL:     6   Next: 85%
Magic:  0/7        EV:  9    Int:  8    God:
Gold:   226        SH:  5    Dex: 14    Spells: 5/5 levels left

rFire   . .          .
                       - Unarmed
rCold   . . .        b - +0 buckler
rNeg    . . .        a - +0 scale mail
rPois   .            (no helmet)
rElec   .            (no cloak)
rCorr   .            i - +0 pair of gloves
SInv    .            (no boots)
Will    .....        (no amulet) Stlth
                     (no ring)
HPRegen 1.05/turn    (no ring)
MPRegen 0.10/turn

%: guardian spirit
@: no status effects
A: fangs 2, regeneration 1, magic shield, antimagic bite, no potion heal 2
a: no special abilities


You were on level 4 of the Dungeon.
You visited 1 branch of the dungeon, and saw 4 of its levels.

You collected 226 gold pieces.

Inventory:

Armour
 a - a +0 scale mail (worn)
 b - a +0 buckler (worn)
 i - a +0 pair of gloves (worn)
Jewellery
 d - an amulet of the acrobat
 e - a ring of protection from cold
 h - a ring of magical power
 o - a ring of fire
Scrolls
 f - 2 scrolls of blinking
 k - a scroll of vulnerability {unknown}
Potions
 c - 2 potions of might
 g - a potion of lignification
 j - 2 potions of curing {unknown}
 l - 2 potions of enlightenment {unknown}
 m - a potion of brilliance {unknown}
 n - a potion of degeneration {unknown}


   Skills:
 - Level 2.6 Fighting
 - Level 3.1 Armour
 - Level 3.4 Shields
 * Level 6.1 Unarmed Combat


You had 5 spell levels left.
You didn't know any spells.
Your spell library contained the following spells:

 Spells                   Type           Power      Damage    Failure   Level
 Apportation              Tloc           0%         N/A       83%         1
 Freeze                   Ice            0%         1d3       83%         1
 Jinxbite                 Hex            0%         N/A       93%         2
 Poisonous Vapours        Pois/Air       0%         N/A       93%         2
 Frozen Ramparts          Ice            0%         1d1       99%         3
 Hailstorm                Conj/Ice       0%         3d3       99%         3
 Mephitic Cloud           Conj/Pois/Air  0%         N/A       99%         3
 Volatile Blastmotes      Fire/Tloc      0%         2d10      99%         3
 Fulminant Prism          Conj/Hex       0%         3d5       100%        4
 Iskenderun's Mystic Bla  Conj/Tloc      0%         2d3       100%        4
 Petrify                  Tmut/Erth      0%         N/A       100%        4
 Alistair's Intoxication  Tmut/Pois      0%         N/A       100%        5
 Freezing Cloud           Conj/Ice/Air   0%         6-21      100%        5
 Metabolic Englaciation   Hex/Ice        0%         N/A       100%        5


Dungeon Overview and Level Annotations

Branches:
Dungeon (4/15)
 Temple: D:4-7

Altars:
Makhleb

Annotations:
D:4 Edmund


Innate Abilities, Weirdness & Mutations

You have extremely sharp teeth.
Your natural rate of healing is unusually fast.
When hurt, damage is shared between your health and your magic reserves.
Your bite disrupts and absorbs the magic of your enemies.
Potions cannot restore your health.


Message History

Edmund is moderately wounded.
Edmund closely misses you.
You barely miss Edmund.
Edmund is moderately wounded.
Edmund barely misses you.
You barely miss Edmund. Your bite misses Edmund.
Edmund is moderately wounded.
Edmund barely misses you.
You hit Edmund. You bite Edmund, but do no damage.
Edmund is heavily wounded.
You block Edmund's attack.
You closely miss Edmund. You bite Edmund, but do no damage.
Edmund is heavily wounded.
Edmund barely misses you.
You punch Edmund! Your bite misses Edmund.
Edmund is heavily wounded.
Edmund zaps a wand.
The puff of flame hits you!
You hit Edmund but do no damage. You bite Edmund, but do no damage.
Edmund is heavily wounded.
Edmund zaps a wand.
The puff of flame hits you.
You closely miss Edmund. You bite Edmund, but do no damage.
Edmund is heavily wounded.
You barely miss Edmund. Your bite misses Edmund.
Edmund is heavily wounded.
Edmund hits you with a +2 flail of protection!
You punch Edmund!
Edmund is severely wounded.
Edmund zaps a wand.
The puff of flame hits you.
You hit Edmund but do no damage. You bite Edmund, but do no damage.
Edmund is severely wounded.
Edmund zaps a wand.
The puff of flame hits you!
* * * LOW HITPOINT WARNING * * *
You barely miss Edmund.
Edmund is severely wounded.
Edmund barely misses you.
You hit Edmund but do no damage.
Edmund is severely wounded.
Edmund hits you with a +2 flail of protection!
You die...
Edmund whines, "They better pay attention to me now!"

......###..#
....#.##...#
##....##.#.#
##.....@..#.#
#.......#.#.#
#.......#...#
#.......#...#
#..........@#
.........###@#
.........# #.##
##....S..###..####
##......#.......#
....#####.#.....#
#####.....#>....#
#.....#..#.....#
#..###.#..#.#####
##..##...#.##.#


You could see Edmund.

Vanquished Creatures
  A water moccasin (D:3)
  An ice beast (D:4)
  Jessica (D:2)
  A sleepcap (D:2)
  8 adders
  A dart slug (D:2)
  10 orcs
  7 endoplasms
  2 giant cockroaches (D:4)
  6 goblins
  4 hobgoblins
  2 jackals (D:2)
  3 quokkas
  4 ball pythons
  3 bats
  8 frilled lizards
  8 kobolds
  2 rats
72 creatures vanquished.

Notes
Turn   | Place    | Note
-------+----------+-------------------------------------------
     0 | D:1      | Avanven the Vine Stalker Fighter began the quest for the
                  | Orb.
     0 | D:1      | Reached XP level 1. HP: 11/11 MP: 2/2
   271 | D:1      | Reached XP level 2. HP: 16/16 MP: 3/3
   724 | D:2      | Reached XP level 3. HP: 18/19 MP: 4/4
   734 | D:2      | Reached skill level 3 in Unarmed Combat
   793 | D:2      | Noticed Jessica
   811 | D:2      | Killed Jessica
   812 | D:2      | Reached XP level 4. HP: 21/23 MP: 5/5
   888 | D:2      | HP: 1/23 [sleepcap (14)]
   975 | D:2      | You fall into a shaft and drop 2 floors!
  1158 | D:2      | Reached XP level 5. HP: 27/27 MP: 6/6
  1729 | D:3      | Found a burning altar of Makhleb.
  1889 | D:3      | Found a faded altar of an unknown god.
  2272 | D:4      | Noticed a water moccasin
  2292 | D:3      | Killed a water moccasin
  2293 | D:3      | Reached skill level 5 in Unarmed Combat
  2293 | D:3      | Reached XP level 6. HP: 26/32 MP: 7/7
  2436 | D:4      | Noticed an ice beast
  2445 | D:4      | Killed an ice beast
  2446 | D:4      | Reached skill level 6 in Unarmed Combat
  2509 | D:4      | Noticed Edmund
  2539 | D:4      | Slain by Edmund

Illustrated notes

Levels and vault maps discovered:
D:1:      minmay_arrival_cross, layout_loops_ring, minivault_26
D:2:      minmay_recursive_quarters, layout_loops_ring, uniq_jessica
D:3:      layout_loops_ring, mainiacjoe_overflow_alcove_1,
          shapermc_ecumenical_altar_pompeii
D:4:      minmay_evil_eye, layout_rooms, nicolae_ashenzari_skybound,
          hangedman_minor_gate_pass, uniq_edmund, uniq_blork_the_orc

Skill      XL: |  1  2  3  4  5  6 |
---------------+-------------------+-----
Shields        | 3 |  3.4
Unarmed Combat | 3 5 6 |  6.1
Armour         | 3 |  3.1
Fighting       | |  2.6

Action                     |  1- 3 |  4- 6 || total
---------------------------+-------+-------++-------
  Melee: Unarmed           |    66 |   166 ||   232
         Bite              |    19 |    47 ||    66
    Use: Scroll            |       |     4 ||     4
 Armour: Scale mail        |    27 |    71 ||    98
  Dodge: Dodged            |    29 |    58 ||    87
  Block: Buckler           |     6 |    30 ||    36

Table legend: (Time is in decaauts)
 A = Elapsed time spent in this place.
 B = Non-inter-level travel time spent in this place.
 C = Inter-level travel time spent in this place.
 D = Time resting spent in this place.
 E = Time spent auto-exploring this place.
 F = Levels seen in this place.
 G = Mean time per level.
                   A        B        C        D        E       F      G
               +--------+--------+--------+--------+--------+-----+--------+
         Total |   2530 |   2440 |     90 |    104 |   1806 |   4 |  632.5 |
       Dungeon |   2530 |   2440 |     90 |    104 |   1806 |   4 |  632.5 |
               +--------+--------+--------+--------+--------+-----+--------+

Top non-repeatable levels by time:
     D:2: 923 daAuts
     D:3: 727 daAuts
     D:1: 629 daAuts
     D:4: 250 daAuts
